AoeStats
← tantan.waguy

MegaRandom

504688085Analyzed
1v1 RM · 25d ago on Sep 6, 2026· 22m 58s· 2 players
Game mode
Random Map
Map size
Tiny (2 player)
Population
200
Speed
Normal
Resources
Standard
Victory
Conquest
Starting age
Dark Age
Ending age
Imperial Age
RankedLock teamsTeams togetherTeam positionsShared explorationLock speedFull tech treeHidden civsTurbo modeCheats
Victory
Defeat
🇫🇷 Turks · France
1259
+15
🇦🇺 Magyars · Australia
1241
-15
murrayj
10:18 Feudal Age
11:03 Double-Bit Axe
11:20 Horse Collar
13:48 Castle Age
12:21 Bloodlines
12:47 Scale Mail Armor
13:11 Scale Barding Armor
13:33 Loom
13:46 Gold Mining
14:50 Pikeman
15:59 Chain Barding Armor
15:54 Chain Mail Armor
17:32 Husbandry
19:47 Light Cavalry
19:54 Light Cavalry
20:59 Devotion
tantan.waguy
6:12 Loom
7:57 Feudal Age
9:47 Double-Bit Axe
12:29 Castle Age
11:44 Gold Mining
12:54 Wheelbarrow
13:11 Horse Collar
13:37 Horse Collar
16:43 Imperial Age
14:48 Bow Saw
17:46 Gold Shaft Mining
17:16 Padded Archer Armor
18:29 Leather Archer Armor
Connection lost

Rejoining the realm…

Still unreachable

The connection could not be restored.

Session expired

The server has moved on; the page needs a fresh start.